 Dungeon Crawl Stone Soup version 0.27-a0-448-gace5c5693b (webtiles) character file.

Game seed: 854665389882005333

69243 avis the Transmogrifier (level 14, -29/115 HPs)
             Began as a Demigod Transmuter on Feb 26, 2021.
             Annihilated by an orc warlord
             ... wielding a +0 great sword
              (35 damage)
             ... on level 1 of the Orcish Mines on Feb 27, 2021.
             The game lasted 02:38:01 (28149 turns).

avis the Transmogrifier (Demigod Transmuter)       Turns: 28149, Time: 02:38:04

Health: -29/115    AC:  9    Str: 13    XL:     14   Next: 48%
Magic:  15/25      EV: 26    Int: 19    God:
Gold:   594        SH:  0    Dex: 27    Spells: 2/23 levels left

rFire    . . .     SeeInvis .     - Unarmed
rCold    + . .     Faith    .   (shield currently unavailable)
rNeg     . . .     Spirit   .   T - +1 robe of Huirch {rC+}
rPois    +         Reflect  .   (no helmet)
rElec    .         Harm     .   h - +2 cloak
rCorr    .         Rampage  .   (gloves currently unavailable)
Will     ++...                  a - +2 pair of boots
Stlth    ++++......             (no amulet)
HPRegen  0.29/turn              k - +4 ring of evasion
MPRegen  0.19/turn              d - ring "Sierph Rastry" {rPois Will+ Str-2 Dex+5}

@: about to teleport, blade hands, wereblooded
A: high mp 1
a: End Transformation


You were on level 1 of the Orcish Mines.
You had blades for hands.
You visited 4 branches of the dungeon, and saw 18 of its levels.

You collected 1548 gold pieces.
You spent 954 gold pieces at shops.

Inventory:

Hand Weapons
 b - the +7 shortbow of the Two Names {vorpal, +Inv rElec rPois Will-}
   (You found it on level 4 of the Lair of Beasts)

   Any arrow fired from it inflicts extra damage.
   It insulates you from electricity.
   It protects you from poison.
   It affects your willpower, your defense against some magical effects.
   It lets you turn invisible.
 i - a +1 mace of holy wrath
 o - a +4 dagger
 r - a +4 hand axe of flaming
 w - a +2 fustibalus of freezing
 K - a +1 vorpal dire flail
Missiles
 g - 224 arrows
 v - 447 stones
 z - 4 boomerangs
 E - a throwing net (quivered)
 H - 102 sling bullets
Armour
 a - a +2 pair of boots (worn)
 c - a +0 troll leather armour
 h - a +2 cloak (worn)
 A - a +1 leather armour of cold resistance
 T - the +1 robe of Huirch (worn) {rC+}
   (You found it on level 4 of the Lair of Beasts)

   It protects you from cold.
Jewellery
 d - the ring "Sierph Rastry" (right scythe-like blade) {rPois Will+ Str-2 Dex+5}
   (You acquired it on level 1 of the Lair of Beasts)

   [ring of willpower]

   It affects your strength (-2).
   It affects your dexterity (+5).
   It protects you from poison.
   It affects your willpower, your defense against some magical effects.
 j - a +4 ring of slaying
 k - a +4 ring of evasion (left scythe-like blade)
 m - a ring of flight
 G - a ring of fire
Wands
 l - a wand of mindburst (14)
 n - a wand of acid (26)
 t - a wand of iceblast (19)
 u - a wand of flame (19)
 y - a wand of paralysis (7)
 J - a wand of polymorph (19)
 R - a wand of random effects (16)
Scrolls
 e - 3 scrolls of teleportation
 f - a scroll of fog
Potions
 s - a potion of berserk rage
 x - 2 potions of ambrosia
 B - a potion of invisibility
 C - 6 potions of lignification
 D - 2 potions of flight
 F - 5 potions of brilliance
 I - 2 potions of magic
 M - 3 potions of cancellation
 N - a potion of haste
 P - 3 potions of curing
 Q - 2 potions of heal wounds
 V - a potion of might
Miscellaneous
 p - a lightning rod (4/4)
 q - a phantom mirror


   Skills:
 - Level 8.0 Fighting
 - Level 8.0 Dodging
 - Level 5.0 Stealth
 - Level 4.0 Shields
 + Level 11.2 Unarmed Combat
 - Level 5.0 Spellcasting
 * Level 12.0 Transmutations
 - Level 4.0 Ice Magic
 * Level 7.8 Earth Magic
 - Level 3.0 Poison Magic
 - Level 3.0 Evocations


You had 2 spell levels left.
You knew the following spells:

 Your Spells              Type           Power        Failure   Level
a - Beastly Appendage     Tmut           100%         7%          1
b - Wereblood             Tmut           50%          8%          2
p - Spider Form           Tmut/Pois      16%          19%         3
q - Ice Form              Ice/Tmut       35%          32%         4
B - Blade Hands           Tmut           25%          24%         5
S - Statue Form           Tmut/Erth      28%          75%         6

Your spell library contained the following spells:

 Spells                   Type           Power        Failure   Level
 Passwall                 Tmut/Erth      35%          10%         2
 Sandblast                Erth           68%          12%         1
 Sting                    Tmut/Pois      100%         12%         1
 Freeze                   Ice            76%          22%         1
 Ensorcelled Hibernation  Hex/Ice        24%          43%         2
 Corona                   Hex            4%           50%         1
 Foxfire                  Conj/Fire      16%          50%         1
 Magic Dart               Conj           16%          50%         1
 Pain                     Necr           16%          50%         1
 Shock                    Conj/Air       16%          50%         1
 Slow                     Hex            4%           61%         2
 Petrify                  Tmut/Erth      42%          21%         4
 Stone Arrow              Conj/Erth      38%          41%         3
 Lee's Rapid Deconstruct  Erth           17%          54%         5
 Animate Armour           Summ/Erth      38%          69%         4
 Leda's Liquefaction      Hex/Erth       9%           69%         4
 Confusing Touch          Hex            4%           78%         3
 Conjure Flame            Conj/Fire      4%           78%         3
 Dazzling Flash           Conj/Hex       8%           78%         3
 Inner Flame              Hex/Fire       4%           78%         3
 Portal Projectile        Hex/Tloc       8%           78%         3
 Tukima's Dance           Hex            4%           78%         3
 Cause Fear               Hex            2%           97%         4
 Sticky Flame             Conj/Fire      4%           97%         4
 Bolt of Magma            Conj/Fire/Erth 7%           97%         5
 Fireball                 Conj/Fire      2%           100%        5
 Iron Shot                Conj/Erth      9%           100%        6
 Shatter                  Erth           17%          100%        9


Dungeon Overview and Level Annotations

Branches:
Dungeon (11/15)            Temple (1/1) D:6            Lair (4/6) D:8
  Swamp (0/4) Lair:4        Snake (0/4) Lair:4          Orc (2/2) D:11
    Elf: Orc:2

Shops:
D:4 *   D:5 !

Annotations:
D:1 Can't reach some places


Innate Abilities, Weirdness & Mutations

You have an increased reservoir of magic. (+10% MP)


Message History

The orc priest closely misses you.
You slash the ogre!
The ogre is almost dead.
The orc misses you. x2; The orc warlord misses you.
The orc hits you but does no damage. The orc barely misses you.
You hit the ogre.
You kill the ogre!
The orc priest barely misses you. The orc completely misses you.
The orc barely misses you.
You hit the orc warlord.
The orc warlord is lightly wounded.
The orc misses you. The orc barely misses you.
The orc warlord completely misses you. The orc priest closely misses you.
The orc barely misses you.
Your magical contamination has completely faded away.
You slash the orc warlord!
The orc warlord is lightly wounded.
The orc completely misses you. The orc misses you.
The orc hits you with a +0 hand axe.
The orc priest looks encouraged for a moment.
The orc warlord hits you with a +0 great sword!!
You slash the orc warlord!
The orc warlord is moderately wounded.
The orc completely misses you. The orc barely misses you. x2
The orc hits you with a +0 hand axe! The orc priest completely misses you.
You slash the orc warlord!
The orc warlord is moderately wounded.
The orc hits you but does no damage.
The orc warlord hits you with a +0 great sword!!
* * * LOW HITPOINT WARNING * * *
The orc completely misses you.
Unknown command.
As you read the scroll of teleportation, it crumbles to dust.
You feel strangely unstable.
The orc priest miscasts a cantrip.
The orc misses you. The orc hits you with a +0 hand axe.
* * * LOW HITPOINT WARNING * * *
The orc misses you. The orc barely misses you.
The orc warlord hits you with a +0 great sword!!
You die...

........##......#.............#
.....................#........##
..#.................###....#...##
##....#........#.....###......#.#
.#...................#..#........
.................................
.#......................#.......#
.##..........#.o)o.............##
#####........#.o@o............##
# #......#.##.o÷o............##
###......####.......##.......#
##.#......##...............#.##
#.....)...............#...#...#
#.....#.#..............#####.##
##...#####.##.#.........#.####
##### #...####...........#
##.####.#.........##


You could see an orc warlord (strong), an orc priest (strong) and 4 orcs.

Vanquished Creatures
  An ettin (Orc:1)
  5 hydras
  A boulder beetle (Lair:4)
  Erica (Lair:2)
  A catoblepas (Lair:1)
  A dancing weapon (D:9)
  The ghost of HilariousDeathArtist the Fighter, a novice GnAK of Lugonu (D:9)
  2 two-headed ogres
  An orc high priest (D:11)
  The ghost of mojorge the Fighter, a novice TeGl of Uskayaw (D:8)
  An unseen horror (D:10)
  3 oklob plants
  A cyclops (D:11)
  Joseph (D:6)
  A centaur zombie (D:11)
  3 black mambas (Lair:2)
  An ugly thing (D:10)
  6 elephants
  2 gargoyles
  2 torpor snails (Lair:2)
  12 cane toads
  2 rime drakes
  5 komodo dragons
  5 polar bears
  4 trolls
  5 blink frogs
  Grinder (D:4)
  A wraith (D:11)
  2 wyverns
  Eustachio (D:5)
  53 yaks
  A steam dragon (D:9)
  4 vampire mosquitoes (D:10)
  3 basilisks
  Edmund (D:5)
  4 wargs (Orc:1)
  2 nagas (Lair:4)
  A swamp worm (Lair:4)
  Duvessa (D:4)
  18 water moccasins
  10 orc warriors
  3 black bears (D:8)
  An eye of draining (D:10)
  16 ogres
  4 ice beasts
  2 sky beasts
  8 wolves (Lair:2)
  2 phantoms
  6 centaurs
  5 kobold brigands
  16 bullfrogs
  A gnoll sergeant (D:9)
  Dowan (D:4)
  A wyvern skeleton (D:11)
  2 scorpions
  12 killer bees
  16 wights
  An electric eel (Lair:1)
  A howler monkey (D:11)
  A bullfrog zombie (D:11)
  A centaur skeleton (D:7)
  6 hounds
  11 orc priests
  A jelly (D:8)
  3 bullfrog skeletons
  Jessica (D:3)
  Natasha (twice) (D:2)
  7 orc wizards
  3 iguanas
  7 hell rats
  9 worker ants
  A hound skeleton (D:11)
  A hound zombie (D:7)
  A worker ant zombie (D:11)
  11 adders
  6 gnolls
  3 white imps
  3 oozes
  An adder zombie (D:6)
  5 worms
  3 dart slugs
  9 leopard geckos
  57 orcs
  8 bats
  4 giant cockroaches
  9 goblins
  4 hobgoblins (D:1)
  11 jackals
  12 kobolds
  2 quokkas
  5 frilled lizards
  5 rats
  A butterfly (Lair:4)
484 creatures vanquished.

Vanquished Creatures (others)
  A bush (Lair:4)
  34 fungi
  55 plants
90 creatures vanquished.

Grand Total: 574 creatures vanquished

Notes
Turn   | Place    | Note
-------+----------+-------------------------------------------
     0 | D:1      | avis the Demigod Transmuter began the quest for the Orb.
     0 | D:1      | Reached XP level 1. HP: 15/15 MP: 5/5
   235 | D:1      | Reached skill level 2 in Transmutations
   377 | D:1      | Reached XP level 2. HP: 9/22 MP: 5/7
  1010 | D:1      | Reached XP level 3. HP: 27/27 MP: 6/8
  1014 | D:1      | Learned a level 3 spell: Spider Form
  1373 | D:1      | Reached skill level 3 in Transmutations
  1756 | D:2      | Found a sacrificial altar of Ru.
  1782 | D:2      | Found a hide-covered altar of Uskayaw.
  1825 | D:2      | Found a shadowy altar of Dithmenos.
  1911 | D:2      | Found a snail-covered altar of Cheibriados.
  1914 | D:2      | Noticed Natasha
  1923 | D:2      | Killed Natasha
  2036 | D:2      | Found a white marble altar of Elyvilon.
  2050 | D:2      | Reached XP level 4. HP: 34/34 MP: 5/9
  2052 | D:2      | Reached skill level 1 in Poison Magic
  2201 | D:2      | Found an ornate altar of the Wu Jian Council.
  2483 | D:2      | Noticed Natasha
  2504 | D:2      | Killed Natasha
  3386 | D:3      | Found a burning altar of Makhleb.
  3721 | D:3      | Noticed Jessica
  3731 | D:3      | Killed Jessica
  3732 | D:3      | Reached XP level 5. HP: 29/39 MP: 7/10
  3920 | D:4      | Found Iril's General Store.
  3940 | D:4      | Bought a potion of attraction for 30 gold pieces
  4073 | D:4      | Found a glowing golden altar of the Shining One.
  4140 | D:4      | Noticed Grinder
  4319 | D:4      | Paralysed by Grinder for 4 turns
  4330 | D:4      | Killed Grinder
  4331 | D:4      | Reached skill level 4 in Transmutations
  4331 | D:4      | Reached XP level 6. HP: 10/46 MP: 8/11
  4570 | D:3      | Learned a level 4 spell: Ice Form
  4765 | D:4      | Reached skill level 1 in Fighting
  4932 | D:4      | Reached skill level 1 in Ice Magic
  5179 | D:4      | Reached XP level 7. HP: 53/53 MP: 8/12
  5221 | D:4      | Reached skill level 5 in Unarmed Combat
  5454 | D:4      | Noticed Dowan
  5454 | D:4      | Noticed Duvessa
  5469 | D:4      | Killed Duvessa
  5473 | D:4      | Killed Dowan
  5650 | D:5      | Entered Level 5 of the Dungeon
  5746 | D:5      | Found a hazy altar of Hepliaklqana.
  5855 | D:5      | Reached skill level 5 in Transmutations
  6018 | D:5      | Noticed Edmund
  6051 | D:5      | Killed Edmund
  6052 | D:5      | Reached XP level 8. HP: 34/63 MP: 9/13
  6479 | D:5      | Noticed Eustachio
  6486 | D:5      | Found Diga's Distillery.
  6491 | D:5      | Bought a potion of heal wounds for 55 gold pieces
  6491 | D:5      | Bought a potion of lignification for 33 gold pieces
  6491 | D:5      | Bought a potion of might for 44 gold pieces
  6491 | D:5      | Bought a potion of flight for 33 gold pieces
  6491 | D:5      | Bought a potion of degeneration for 11 gold pieces
  6491 | D:5      | Bought a potion of brilliance for 44 gold pieces
  6956 | D:5      | Found a hazy altar of Hepliaklqana.
  7156 | D:5      | Reached skill level 6 in Transmutations
  7505 | D:6      | Found a stormy altar of Qazlal.
  7726 | D:6      | Reached XP level 9. HP: 69/69 MP: 13/16
  7818 | D:6      | Learned a level 5 spell: Blade Hands
  7857 | D:6      | Found an opulent altar of Gozag.
  8108 | D:6      | Found a staircase to the Ecumenical Temple.
  8117 | Temple   | Entered the Ecumenical Temple
  8134 | Temple   | Upgraded the game from 0.27-a0-417-g317cea8a3c to
                  | 0.27-a0-423-gf312af23e9
  8940 | D:7      | Noticed Joseph
  9149 | D:7      | Reached skill level 7 in Transmutations
  9300 | D:7      | Found a bloodstained altar of Trog.
  9341 | D:7      | Found a sparkling altar of Nemelex Xobeh.
  9349 | D:7      | Reached skill level 1 in Shields
  9953 | D:7      | Found a basalt altar of Yredelemnul.
 10018 | D:6      | Killed Joseph
 10082 | D:6      | Learned a level 2 spell: Wereblood
 10164 | D:8      | Found a runed translucent gate.
 10165 | D:8      | Found a runed translucent gate.
 10165 | D:8      | Noticed mojorge's ghost (novice TeGl)
 10166 | D:8      | Found a runed translucent gate.
 10166 | D:8      | Identified the +6 dagger of Subterfuge {distort, rElec rF+
                  | Dex-3}
 10179 | D:8      | Found an opulent altar of Gozag.
 10351 | D:8      | Reached XP level 10. HP: 56/78 MP: 8/19
 10610 | D:8      | Found a staircase to the Lair.
 10883 | D:8      | Noticed a two-headed ogre
 10890 | D:8      | Killed a two-headed ogre
 11112 | Lair:1   | Entered Level 1 of the Lair of Beasts
 11158 | Lair:1   | Identified Seqi Kil's First Steps in Thaumaturgy
 11231 | Lair:1   | Reached skill level 8 in Transmutations
 11343 | Lair:1   | Reached skill level 5 in Fighting
 11343 | Lair:1   | Reached skill level 5 in Dodging
 11825 | Lair:1   | Reached skill level 1 in Stealth
 12511 | Lair:1   | Identified a scroll of acquirement
 12511 | Lair:1   | Acquired the ring "Sierph Rastry" {rPois Will+ Str-2 Dex+5}
 12923 | Lair:2   | Reached XP level 11. HP: 22/88 MP: 15/20
 13313 | Lair:2   | Noticed a catoblepas
 13749 | Lair:1   | Killed a catoblepas
 14468 | Lair:2   | Found a broken altar of Ashenzari.
 14993 | Lair:2   | Reached skill level 9 in Transmutations
 15096 | Lair:2   | Noticed a five-headed hydra
 15102 | Lair:2   | Killed a five-headed hydra
 15368 | Lair:2   | Noticed a four-headed hydra
 15382 | Lair:2   | Killed a four-headed hydra
 15616 | Lair:2   | Noticed a six-headed hydra
 15635 | Lair:2   | Killed a six-headed hydra
 15637 | Lair:2   | Noticed a four-headed hydra
 15652 | Lair:2   | Killed a four-headed hydra
 15659 | Lair:2   | Reached skill level 5 in Stealth
 16084 | Lair:2   | Reached XP level 12. HP: 85/100 MP: 16/21
 16451 | Lair:2   | Reached skill level 1 in Evocations
 16916 | Lair:2   | Reached skill level 10 in Unarmed Combat
 17412 | Lair:2   | Noticed Erica
 17423 | Lair:2   | Killed Erica
 17746 | D:9      | Reached skill level 10 in Transmutations
 18363 | D:9      | Found a runed translucent door.
 18365 | D:9      | Found a shimmering altar of Xom.
 18365 | D:9      | Noticed HilariousDeathArtist's ghost (novice GnAK)
 18721 | Lair:1   | Upgraded the game from 0.27-a0-423-gf312af23e9 to
                  | 0.27-a0-448-gace5c5693b
 19966 | Lair:4   | Identified the +7 shortbow of the Two Names {vorpal, +Inv
                  | rElec rPois Will-}
 20372 | Lair:4   | Found a staircase to the Snake Pit.
 20459 | Lair:4   | Noticed a seven-headed hydra
 20466 | Lair:4   | Killed a seven-headed hydra
 20591 | Lair:4   | Identified the +1 robe of Huirch {rC+}
 20685 | Lair:4   | Reached skill level 5 in Spellcasting
 20872 | Lair:3   | Learned a level 6 spell: Statue Form
 21017 | Lair:4   | Noticed a boulder beetle
 21029 | Lair:4   | Killed a boulder beetle
 21030 | Lair:4   | Reached skill level 1 in Earth Magic
 21300 | Lair:4   | Found a staircase to the Swamp.
 21967 | D:10     | Entered Level 10 of the Dungeon
 22039 | D:10     | Reached XP level 13. HP: 107/107 MP: 12/24
 23432 | D:5      | Killed Eustachio
 23462 | D:5      | Bought a potion of experience for 550 gold pieces
 23462 | D:5      | Bought a potion of haste for 110 gold pieces
 23462 | D:5      | Bought a potion of brilliance for 44 gold pieces
 23463 | D:5      | Reached skill level 11 in Transmutations
 23463 | D:5      | Reached XP level 14. HP: 115/115 MP: 25/25
 23858 | D:8      | Killed mojorge's ghost
 24169 | D:9      | Killed HilariousDeathArtist's ghost
 26175 | D:11     | Found a staircase to the Orcish Mines.
 26412 | Orc:1    | Entered Level 1 of the Orcish Mines
 27540 | Orc:2    | Entered Level 2 of the Orcish Mines
 27635 | Orc:2    | Noticed an orc warlord
 27641 | Orc:1    | Reached skill level 12 in Transmutations
 28149 | Orc:1    | Annihilated by an orc warlord

Illustrated notes

Levels and vault maps discovered:
D:1:      dpeg_cavernosity, layout_basic
D:2:      layout_rooms, nzn_wu_jian_council_hall, overflow_temple_1_default,
          lemuel_doored_altar, nicolae_dithmenos_shadow_blocks,
          nicolae_overflow_crystal_walls, lemuel_round_altar, uniq_natasha
D:3:      layout_rooms, lightli_temple_of_fire, uniq_jessica
D:4:      layout_gridville, tso_metal_star, serial_shops, nicolae_shop_stone,
          eino_tiny_chamber, uniq_duvessa, uniq_grinder
D:5:      layout_basic, nzn_hepliaklqana_mist_gate, basic_altar, serial_shops,
          shop, uniq_edmund, uniq_eustachio
D:6:      layout_cave_pods, overflow_temple_1_default,
          minmay_temple_entry_large_hall, grunt_gozag_breadcrumbs
D:7:      layout_cave_pools, general_overflow_altar, basic_altar,
          nemelex_lonely_heart_becter, uniq_joseph
D:8:      layout_gridville, lemuel_round_altar, due_lair_maze_entry_diamond,
          gammafunk_ghost_nasty_kobolds, st_stairs_8
D:9:      layout_rooms, ebering_ghost_xom
D:10:     layout_loops_ring
D:11:     layout_long_grid, hiddenorc1_lemuel, fountainhead,
          minmay_fractal_squares_gapless_5
Temple:   dpeg_chambers_temple
Lair:1:   layout_roguey, infiniplex_staircase_pool
Lair:2:   nzn_winding_woodlands_huge [nzn_winding_woodlands_5x15_jagged,
          nzn_winding_woodlands_5x15_sidewinder,
          nzn_winding_woodlands_5x15_lazy_stream,
          nzn_winding_woodlands_5x15_split_checker,
          nzn_winding_woodlands_5x15_longhouse,
          nzn_winding_woodlands_5x15_pockets,
          nzn_winding_woodlands_5x15_river_crossing,
          nzn_winding_woodlands_5x15_default, nzn_winding_woodlands_5x15_cabin,
          nzn_winding_woodlands_5x15_sawtooth,
          nzn_winding_woodlands_center_pierced_h,
          nzn_winding_woodlands_center_lodge,
          nzn_winding_woodlands_15x15_five_gardens], layout_misc_corridors,
          serial_rivers, chequers_serial_rivers_room_b,
          chequers_serial_rivers_micro_c, chequers_serial_rivers_small_a,
          chequers_serial_rivers_marsh, chequers_serial_rivers_small_a,
          chequers_serial_rivers_room_a, lemuel_oklob_altar, uniq_erica
Lair:3:   layout_misc_corridors, grunt_megastairs_4
Lair:4:   layout_regular_city, minmay_swamp_entry_worms,
          guppyfry_snake_entry_island, serial_bayou_shore_b,
          lemuel_fruit_fields, minmay_lair_oklob_chamber, grunt_megastairs_2
Orc:1:    layout_caves
Orc:2:    st_orc_town, layout_caves, basic_altar

Skill      XL: |  1  2  3  4  5  6  7  8  9 10 11 12 13 14 |
---------------+-------------------------------------------+-----
Transmutations | 2 3 4 5 6 7 8 9 10 11 12 | 12.0
Unarmed Combat | 3 4 5 6 7 8 9 10 11 | 11.2
Poison Magic   | 2 3 |  3.0
Fighting       | 1 3 4 5 7 8 |  8.0
Ice Magic      | 1 3 4 |  4.0
Dodging        | 3 4 5 7 8 |  8.0
Spellcasting   | 2 4 5 |  5.0
Shields        | 2 4 |  4.0
Stealth        | 2 5 |  5.0
Evocations     | 3 |  3.0
Earth Magic    | 2 6 7 |  7.8

Action                   |  1- 3 |  4- 6 |  7- 9 | 10-12 | 13-15 || total
-------------------------+-------+-------+-------+-------+-------++-------
Melee: Unarmed           |   114 |   121 |   292 |   522 |   387 ||  1436
       Kick              |    20 |       |     4 |       |       ||    24
       Headbutt          |    14 |     1 |     1 |       |       ||    16
       Punch             |       |       |     2 |    26 |    22 ||    50
 Fire: Hunting sling     |       |     5 |       |       |       ||     5
       Shortbow          |       |       |    21 |     2 |       ||    23
Throw: Throwing net      |       |       |     1 |       |       ||     1
 Cast: Beastly Appendage |    26 |     5 |     3 |       |       ||    34
       Spider Form       |     2 |    20 |    34 |       |       ||    56
       Blade Hands       |       |       |     9 |    78 |    49 ||   136
       Wereblood         |       |       |       |     5 |     9 ||    14
       Ice Form          |       |       |       |     6 |     1 ||     7
 Abil: End Transformatio |       |       |     1 |     2 |       ||     3
Evoke: Wand              |       |       |     1 |     1 |       ||     2
  Use: Scroll            |       |       |     9 |    10 |     2 ||    21
       Potion            |       |       |     5 |     4 |     1 ||    10
 Stab: Sleeping          |     1 |     4 |     7 |     4 |     4 ||    20
Armor: Robe              |    25 |     2 |     7 |    39 |    49 ||   122
       Skin              |       |     5 |    10 |     8 |       ||    23
Dodge: Dodged            |    77 |    66 |   233 |   393 |   491 ||  1260
Block: Buckler           |       |       |       |     1 |       ||     1

Table legend: (Time is in decaauts)
 A = Elapsed time spent in this place.
 B = Non-inter-level travel time spent in this place.
 C = Inter-level travel time spent in this place.
 D = Time resting spent in this place.
 E = Time spent auto-exploring this place.
 F = Levels seen in this place.
 G = Mean time per level.
                   A        B        C        D        E       F      G
               +--------+--------+--------+--------+--------+-----+--------+
         Total |  28020 |  25219 |   2801 |  10802 |   8886 |  18 | 1556.7 |
       Dungeon |  17288 |  15100 |   2188 |   5833 |   5770 |  11 | 1571.6 |
        Temple |     38 |     35 |      3 |      0 |      0 |   1 |   38.0 |
          Lair |   9674 |   9083 |    591 |   4435 |   2828 |   4 | 2418.5 |
  Orcish Mines |   1019 |   1001 |     18 |    534 |    287 |   2 |  509.5 |
               +--------+--------+--------+--------+--------+-----+--------+

Top non-repeatable levels by time:
  Lair:2: 3781 daAuts
  Lair:1: 2922 daAuts
    D:11: 2139 daAuts
     D:8: 2079 daAuts
  Lair:4: 1914 daAuts
     D:1: 1893 daAuts
     D:6: 1747 daAuts
     D:4: 1661 daAuts
    D:10: 1618 daAuts
     D:5: 1479 daAuts
     D:2: 1434 daAuts
     D:3: 1186 daAuts
     D:7: 1150 daAuts
  Lair:3: 1055 daAuts
   Orc:1: 1004 daAuts
